 Dungeon Crawl Stone Soup version 0.20.0-15-g7f486f2 (webtiles) character file.

658 Picvukin the Spear-Bearer (level 7, 0/54 HPs)
             Began as a Merfolk Gladiator on July 4, 2017.
             Slain by an ogre
             ... wielding a +0 giant club
              (27 damage)
             ... on level 4 of the Dungeon on July 5, 2017.
             The game lasted 00:59:36 (4610 turns).

Picvukin the Spear-Bearer (Merfolk Gladiator)       Turns: 4610, Time: 00:59:36

Health: 0/54       AC:  4    Str: 14    XL:     7   Next: 55%
Magic:  7/7        EV: 14    Int:  8    God:
Gold:   161        SH:  4    Dex: 17    Spells: 6/6 levels left

rFire    . . .     SeeInvis .   a - +0 trident
rCold    . . .     Gourm    .   l - +0 buckler
rNeg     . . .     Faith    .   b - +0 leather armour
rPois    .         Spirit   .   E - +0 helmet
rElec    .         Reflect  .   (no cloak)
rCorr    .         Harm     .   (no gloves)
MR       .....                  (no boots)
Stlth    ++........             (no amulet)
Regen    0.2/turn               (no ring)
MPRegen  0.1/turn               (no ring)

@: no status effects
A: change form in water, swift swim, stealthy swim
a: no special abilities


You were on level 4 of the Dungeon.
You were not hungry.

You visited 1 branch of the dungeon, and saw 4 of its levels.
You also visited: Sewer.

You collected 161 gold pieces.

Inventory:

Hand Weapons
 a - a +0 trident (weapon)
 c - a +2 whip of holy wrath
 z - a +0 hunting sling
 C - a +2 dagger of speed
Missiles
 d - a throwing net (quivered)
 h - 208 stones
Armour
 b - a +0 leather armour (worn)
 l - a +0 buckler (worn)
 E - a +0 helmet (worn)
Jewellery
 r - an uncursed ring of flight {unknown}
Scrolls
 e - 2 scrolls of teleportation
 n - 2 scrolls of remove curse {unknown}
 o - a scroll of recharging
 p - 4 scrolls of fear {unknown}
 q - a scroll of random uselessness {unknown}
 x - 2 scrolls of identify {unknown}
 y - a scroll of enchant weapon {unknown}
 B - a scroll of magic mapping {unknown}
Potions
 i - 4 potions of heal wounds {unknown}
 j - 2 potions of flight {unknown}
 m - a potion of lignification {unknown}
 v - a potion of ambrosia {unknown}
 w - a potion of might {unknown}
 D - 2 potions of degeneration {unknown}
Comestibles
 f - 5 bread rations
 g - a meat ration
 A - a royal jelly


   Skills:
 + Level 4.1 Fighting
 + Level 8.6 Polearms
 + Level 2.0 Throwing
 + Level 1.5 Armour
 + Level 5.4 Dodging
 + Level 3.1 Stealth
 + Level 1.2 Shields


You had 6 spell levels left.
You didn't know any spells.

Dungeon Overview and Level Annotations

Branches:
Dungeon (4/15)
 Temple: D:4-7

Altars:
Fedhas
Makhleb
Vehumet


Message History

Aim: an ogre, wielding a giant club (moderately wounded)
You reach to attack!
You puncture the ogre!
The ogre is severely wounded.
You hit the ogre but do no damage.
The ogre is severely wounded.
You puncture the ogre!
The ogre is almost dead.
The ogre hits you with a giant club!!
Ouch! That really hurt!
You are too injured to fight recklessly!
You are too injured to fight recklessly!
You are too injured to fight recklessly!
You are too injured to fight recklessly!
You are too injured to fight recklessly!
You are too injured to fight recklessly!
Okay, then.
There is a stone staircase leading up here.
The ogre hits you with a giant club!!
Ouch! That really hurt!
You die...

#### ### ..# #@#
######.# #O#
#......###.#
#..........#
#....)..####
#.......#
#.......# #.
+..........O!####
#.......###.....a


You could see an ogre.

Vanquished Creatures
  5 big kobolds (Sewer)
  A bullfrog skeleton (D:4)
  A hound (D:3)
  An orc wizard (D:3)
  Robin (D:3)
  5 adders
  A river rat (Sewer)
  6 oozes
  5 worms
  A dart slug (D:1)
  3 leopard geckos
  6 orcs (D:3)
  3 giant cockroaches
  18 goblins
  8 hobgoblins
  12 jackals (D:3)
  A quokka (D:3)
  5 ball pythons
  6 bats
  3 frilled lizards (D:1)
  14 kobolds
  11 rats
117 creatures vanquished.

Notes
Turn   | Place    | Note
-------+----------+-------------------------------------------
     0 | D:1      | Picvukin the Merfolk Gladiator began the quest for the Orb.
     0 | D:1      | Reached XP level 1. HP: 16/16 MP: 1/1
    84 | D:1      | Reached XP level 2. HP: 22/22 MP: 2/2
   156 | D:1      | Reached skill level 5 in Polearms
   740 | D:1      | Reached XP level 3. HP: 22/28 MP: 3/3
  1268 | D:2      | Found a blossoming altar of Fedhas.
  1345 | D:2      | Reached XP level 4. HP: 34/34 MP: 4/4
  1497 | D:2      | Found a radiant altar of Vehumet.
  1799 | D:3      | Reached skill level 1 in Stealth
  1932 | D:3      | Reached skill level 6 in Polearms
  1936 | D:3      | Reached XP level 5. HP: 16/40 MP: 5/5
  2084 | D:3      | Found a burning altar of Makhleb.
  2282 | D:3      | Reached skill level 5 in Dodging
  2284 | D:3      | Found a glowing drain.
  2307 | Sewer    | Entered a sewer
  2323 | Sewer    | Noticed a big kobold
  2354 | Sewer    | Killed a big kobold
  2354 | Sewer    | Reached skill level 1 in Armour
  2354 | Sewer    | Reached XP level 6. HP: 42/47 MP: 6/6
  2405 | Sewer    | Reached skill level 7 in Polearms
  2660 | Sewer    | Reached skill level 1 in Shields
  3100 | Sewer    | Reached XP level 7. HP: 48/53 MP: 7/7
  3192 | Sewer    | Reached skill level 8 in Polearms
  3815 | D:3      | Noticed Robin
  3914 | D:3      | Killed Robin
  4457 | D:4      | Found a blossoming altar of Fedhas.
  4610 | D:4      | Slain by an ogre

Skill      XL: |  1  2  3  4  5  6  7 |
---------------+----------------------+-----
Polearms       | 5 6 7 8 |  8.6
Stealth        | 1 2 3 |  3.1
Fighting       | 3 4 |  4.1
Dodging        | 5 |  5.4
Armour         | 1 |  1.5
Shields        | 1 |  1.2
Throwing       | |  2.0

Action                   |  1- 3 |  4- 6 |  7- 9 || total
-------------------------+-------+-------+-------++-------
Melee: Trident           |    90 |   247 |   152 ||   489
       Tailslap          |       |    16 |    11 ||    27
       Hunting sling     |       |       |     1 ||     1
Throw: Throwing net      |       |     1 |     1 ||     2
  Use: Scroll            |       |     2 |       ||     2
 Stab: Sleeping          |     4 |     8 |     3 ||    15
       Held in net/web   |       |       |     1 ||     1
  Eat: Chunk             |     1 |     6 |     3 ||    10
       Meat ration       |       |       |     1 ||     1
Armor: Leather armour    |    14 |    31 |    22 ||    67
Dodge: Dodged            |    54 |   137 |    96 ||   287
Block: Buckler           |     6 |    31 |    23 ||    60
